[Event "Early-Titled-Tuesday-Blitz-November-28-2023"]
[Site "Chess.com"]
[Date "2023.11.28"]
[Round "4"]
[White "acertijo08"]
[Black "masenik"]
[Result "1-0"]
[WhiteElo "2296"]
[BlackElo "2485"]
[TimeControl "180+1"]
[EndTime "8:39:04 PST"]
[Termination "acertijo08 won on time"]

1. e4 c5 2. Nf3 e6 3. d4 cxd4 4. Nxd4 a6 5. Bd3 Nf6 6. O-O Qc7 7. Nc3 Nc6 8. Nxc6 dxc6 9. f4 e5 10. Kh1 Bd6 11. Qe1 O-O 12. Qh4 b5 13. Bd2 Bb7 14. Rf3 c5 15. Rg3 Kh8 16. Rxg7 Kxg7 17. Qg5+ Kh8 18.
Qxf6+ Kg8 19. Qg5+ Kh8 20. Qf6+ Kg8 21. Nd5 Bxd5 22.
exd5 Qe7 23. Qf5 f6 24. Rf1 Kh8 25. Rf3 Rae8 26. Rh3 e4 27. Be2 Rg8 28. Bh5 Ref8 29. Bg6 Rg7 30. Bc3 e3 31. Rh6 e2 32. Be1 Bxf4 33. Qxf4 Rxg6 34. Rxg6 hxg6 35. Qh6+ Kg8 36. Qxg6+ Qg7 37. Qd3 Re8 38. d6 1-0

[Event "Early-Titled-Tuesday-Blitz-November-28-2023"]
[Site "Chess.com"]
[Date "2023.11.28"]
[Round "4"]
[White "JaloliddinIlkhomi"]
[Black "jaskol95"]
[Result "0-1"]
[WhiteElo "2703"]
[BlackElo "2541"]
[TimeControl "180+1"]
[EndTime "8:39:08 PST"]
[Termination "jaskol95 won on time"]

1. Nf3 d5 2. d4 Nf6 3. Bf4 c5 4. e3 Nc6 5. c3 e6 6. Nbd2 Bd6 7. Bg3 Qc7 8. dxc5 Bxg3 9. hxg3 e5 10. Bb5 Bg4 11. Qa4 O-O 12. Rh4 e4 13. Bxc6 exf3 14. gxf3 Bxf3 15. Nxf3 bxc6 16. Qf4 Qa5 17. Ng5 Rab8 18.
Qf5 h6 19. Rxh6 gxh6 20. Qxf6 Rxb2 21. Rc1 Qb5 22. c4 Qb4+ 23. Kf1 Qd2 24. Re1 Qd3+ 25. Kg2 hxg5 26. Qxg5+ Qg6 27. Qe5 Qg7 28. Qf4 dxc4 29.
Rh1 c3 30. Rh4 f5 31. Rh5 Rf6 32. Rg5 Rg6 33. Qc4+ Kh7 0-1

[Event "Early-Titled-Tuesday-Blitz-November-28-2023"]
[Site "Chess.com"]
[Date "2023.11.28"]
[Round "4"]
[White "Narek_Ghimoyan"]
[Black "mortngabriel"]
[Result "1-0"]
[WhiteElo "2301"]
[BlackElo "2498"]
[TimeControl "180+1"]
[EndTime "8:39:09 PST"]
[Termination "Narek_Ghimoyan won by checkmate"]

1. e4 c5 2. Nf3 Nc6 3. Bb5 Nf6 4. Nc3 Qc7 5. O-O Nd4 6. Bc4 e6 7. Re1 Ng4 8. g3 Nxf3+ 9. Qxf3 Ne5 10. Qe2 Nxc4 11.
Qxc4 a6 12. a4 b6 13. b3 Bb7 14. d4 Be7 15. Bf4 d6 16. Rad1 Rc8 17. d5 e5 18. Bc1 O-O 19. f4 f6 20. f5 Rb8 21.
g4 Bc8 22. Ne2 b5 23. axb5 axb5 24. Qc3 Ra8 25. Ng3 Bd7 26. h4 Ra2 27. g5 Rfa8 28.
Rd2 fxg5 29. hxg5 Bxg5 30. Rg2 Bxc1 31. Rxc1 Be8 32. f6 Bg6 33. Nf5 gxf6 34. Qh3 Ra1 35. Rxa1 Rxa1+ 36. Kh2 Rf1 37. Qh6 Qd7 38. Rxg6+ hxg6 39.
Qxg6+ Kf8 40. Qxf6+ Kg8 41. Qg6+ Kf8 42. Qh6+ Ke8 43. Qh8+ Kf7 44. Qg7+ Ke8 45. Qg8# 1-0

[Event "Early-Titled-Tuesday-Blitz-November-28-2023"]
[Site "Chess.com"]
[Date "2023.11.28"]
[Round "4"]
[White "Lion-Al-Messi"]
[Black "Atousa1"]
[Result "0-1"]
[WhiteElo "2640"]
[BlackElo "2465"]
[TimeControl "180+1"]
[EndTime "8:39:11 PST"]
[Termination "Atousa1 won by resignation"]

1. Nc3 Nf6 2. d4 d5 3. Bg5 c6 4. Nf3 h6 5. Bxf6 exf6 6. e4 dxe4 7. Nxe4 Be7 8. Bd3 O-O 9. Qd2 Nd7 10. O-O-O Nb6 11.
h3 Be6 12. Kb1 Qd5 13. Nc3 Qa5 14. g4 Bb4 15. a3 Bxc3 16. Qxc3 Qxc3 17. bxc3 Na4 18.
Rde1 Bd5 19. Re3 Nxc3+ 20. Kc1 Rfe8 21. Rhe1 Kf8 22. Kd2 Na4 23. c4 Bxf3 24. Rxf3 Rxe1 25. Kxe1 Rd8 26. Rf4 Nc5 27. Bc2 Ne6 28. Re4 Rxd4 29. Rxd4 Nxd4 30. Bd1 Ke7 31. Kd2 Kd6 32. Kd3 Kc5 33.
f4 Ne6 34. Ke3 Kxc4 35. Bc2 c5 36. Bh7 Kb3 37. Bg8 Nd8 38. Kd2 Kxa3 39. h4 b5 40. g5 c4 41. Kc3 a5 42. gxh6 gxh6 43. Bh7 Nb7 44. h5 Nd6 45. Kd4 Kb3 46. Kd5 Nc8 47.
Kc5 b4 48. Bg6 c3 49. Bxf7+ Kb2 50. Bg6 c2 0-1

[Event "Early-Titled-Tuesday-Blitz-November-28-2023"]
[Site "Chess.com"]
[Date "2023.11.28"]
[Round "4"]
[White "DonCiao"]
[Black "kunaevchess"]
[Result "1-0"]
[WhiteElo "2124"]
[BlackElo "2285"]
[TimeControl "180+1"]
[EndTime "8:39:11 PST"]
[Termination "DonCiao won on time"]

1. c4 Nf6 2. g3 g6 3. Bg2 Bg7 4. Nc3 d6 5. e4 O-O 6. Nge2 e5 7. O-O Nc6 8. d3 Bg4 9. h3 Be6 10. Nd5 Ne8 11. Be3 f5 12. Qd2 Nf6 13. Bh6 a5 14.
Bxg7 Kxg7 15. Rac1 h6 16. b3 g5 17. Nxf6 Qxf6 18. exf5 Bxf5 19. Nc3 Nd4 20. Nd5 Qf7 21. Qe3 c6 22. Nc3 Rae8 23. Ne2 Ne6 24. Kh2 Nc5 25. d4 Nd3 26. Rcd1 Nb4 27. dxe5 dxe5 28. Qc3 Qe6 29.
a3 Nc2 30. Rd2 Nxa3 31. Qb2 Nxc4 32. bxc4 Qxc4 33. Qxb7+ Rf7 34. Qb2 a4 35. Rc1 Qe6 36.
Rxc6 Qb3 37. Qxb3 axb3 38. Rb6 Rc8 39. Rxb3 Be6 40. Re3 Rc5 41. Rd6 Bc8 42. Rf3 1-0

[Event "Early-Titled-Tuesday-Blitz-November-28-2023"]
[Site "Chess.com"]
[Date "2023.11.28"]
[Round "4"]
[White "Nitzan_Steinberg"]
[Black "Ginzburg_Yakov"]
[Result "1-0"]
[WhiteElo "2904"]
[BlackElo "2597"]
[TimeControl "180+1"]
[EndTime "8:39:12 PST"]
[Termination "Nitzan_Steinberg won by resignation"]

1. e4 c5 2. Nf3 e6 3. d4 cxd4 4. Nxd4 Nf6 5. Nc3 Nc6 6. a3 Bc5 7. Nb3 Bb6 8. Bd3 d5 9. Bg5 h6 10. Bh4 g5 11. Bg3 dxe4 12. Nxe4 Nxe4 13. Bxe4 Qxd1+ 14. Rxd1 f5 15. Bxc6+ bxc6 16. Be5 O-O 17. h4 g4 18. Nd4 Rf7 19. Ne2 Ba6 20. Nf4 Rd8 21. Rxd8+ Bxd8 22. Kd2 Ba5+ 23. b4 Bb6 24. f3 Rd7+ 25.
Kc3 Be3 26. h5 Kf7 27. fxg4 fxg4 28. Rh4 Rd1 29. Rxg4 Ra1 30. Rg7+ Ke8 31. Nxe6 Rxa3+ 32. Kb2 Ra4 33. Bd6 Bg5 34. Nxg5 hxg5 35. h6 1-0

[Event "Early-Titled-Tuesday-Blitz-November-28-2023"]
[Site "Chess.com"]
[Date "2023.11.28"]
[Round "4"]
[White "InitiatingASC"]
[Black "SashaKuzhilniy"]
[Result "0-1"]
[WhiteElo "2333"]
[BlackElo "2634"]
[TimeControl "180+1"]
[EndTime "8:39:12 PST"]
[Termination "SashaKuzhilniy won on time"]

1. d4 g6 2. c4 Bg7 3. Nc3 d6 4. Nf3 Nf6 5. g3 O-O 6. Bg2 Nc6 7. O-O e5 8. dxe5 Nxe5 9. Nxe5 dxe5 10. Bg5 Qxd1 11. Raxd1 c6 12. Ne4 Nxe4 13. Bxe4 f6 14. Be3 Be6 15. b3 f5 16. Bc2 Rfd8 17. Rxd8+ Rxd8 18. Rd1 Rxd1+ 19. Bxd1 b6 20. a4 Kf7 21. a5 c5 22. axb6 axb6 23. Bd2 Bf6 24. Bc2 g5 25. g4 f4 26. h3 Kg7 27. Be4 h5 28. f3 h4 29. Bc6 Kf8 30. e4 Ke7 31. Kf2 Kd6 32. Bd5 Bd7 33. Ke2 Bd8 34. Kd3 b5 35. b4 bxc4+ 36.
Kxc4 Bb6 37. bxc5+ Bxc5 38. Ba5 Ba4 39. Bd8 Bd1 40. Bxg5 Be2+ 41. Kc3 Bf2 42. Bh6 Bxf3 43. Bf8+ Kd7 44. g5 Bh5 45. Bg7 Bd4+ 46. Kd2 f3 0-1

[Event "Early-Titled-Tuesday-Blitz-November-28-2023"]
[Site "Chess.com"]
[Date "2023.11.28"]
[Round "4"]
[White "jamengrand"]
[Black "HATilay"]
[Result "0-1"]
[WhiteElo "2246"]
[BlackElo "2500"]
[TimeControl "180+1"]
[EndTime "8:39:12 PST"]
[Termination "HATilay won by resignation"]

1. e4 c5 2. Nf3 e6 3. d4 cxd4 4. Bg5 Qa5+ 5. c3 Nc6 6. Bd3 h6 7. Bh4 Qb6 8. cxd4 Qxb2 9. Nbd2 Nxd4 10. O-O Nxf3+ 11. Nxf3 Ne7 12. Ne5 Qxe5 13. Rc1 Ng6 14. Bg3 Qf6 15. Bb5 Qd8 16. Qc2 Ba3 17. Bc7 Qg5 18.
Qc3 O-O 19. Qxa3 Qxb5 20. Bd6 Re8 21. f4 f5 22. Rc5 Qb6 23. e5 a5 24. Qg3 Kh7 25.
Rc1 a4 26. h4 Ra5 27. Qf2 Rxc5 28. Bxc5 Qb5 29. h5 Nh8 30. Kh2 b6 31. Bd6 Bb7 32.
Rc7 Bc6 33. Qg3 Qd5 34. Kh3 Rg8 35. Kh4 g6 36. hxg6+ Rxg6 37. Qh3 Rxg2 38. Rxd7+ Bxd7 0-1

[Event "Early-Titled-Tuesday-Blitz-November-28-2023"]
[Site "Chess.com"]
[Date "2023.11.28"]
[Round "4"]
[White "M1711"]
[Black "Rsnr"]
[Result "0-1"]
[WhiteElo "2601"]
[BlackElo "2930"]
[TimeControl "180+1"]
[EndTime "8:39:13 PST"]
[Termination "Rsnr won by checkmate"]

1. d4 d5 2. c4 c6 3. Nf3 Nf6 4. Nbd2 Bf5 5. Nh4 Be4 6. Qb3 Qb6 7. Qh3 e6 8. f3 Bc2 9. e3 Bb4 10. g4 g5 11. Ng2 Nbd7 12. c5 Qa5 13. Qh6 O-O-O 14. Qxg5 h5 15. Be2 hxg4 16. e4 gxf3 17. Bxf3 Nxe4 18. Bxe4 Bxe4 19. O-O Bxg2 20. Rxf7 Rdg8 21.
Rg7 Rxg7 22. Qxg7 Rf8 23. Qxg2 Qd8 24. Nf3 Qf6 25. Kf2 Qxd4+ 26. Ke2 Qe4+ 27. Be3 Bxc5 28.
Qf2 d4 29. Rc1 dxe3 30. Qg3 Qd5 31. Qg5 Qxf3+ 32. Ke1 Qf2+ 33. Kd1 Qd2# 0-1

[Event "Early-Titled-Tuesday-Blitz-November-28-2023"]
[Site "Chess.com"]
[Date "2023.11.28"]
[Round "4"]
[White "GMKrikor"]
[Black "muthaiahchess"]
[Result "1-0"]
[WhiteElo "2787"]
[BlackElo "2536"]
[TimeControl "180+1"]
[EndTime "8:39:14 PST"]
[Termination "GMKrikor won on time"]

1. Nf3 d5 2. c4 d4 3. b4 f6 4.
e3 dxe3 5. fxe3 e5 6. c5 a5 7. Qa4+ Bd7 8. b5 Bxc5 9. Bc4 Qe7 10.
Nc3 Be6 11. O-O Nd7 12. Bxe6 Qxe6 13. d4 Bd6 14. Qc2 Ne7 15. a4 O-O 16. Ne4 Nd5 17. Qb3 exd4 18. Nxd6 cxd6 19. Nxd4 Qf7 20. Nf5 Nc5 21.
Qxd5 Qxd5 22. Ne7+ Kf7 23. Nxd5 Rac8 24. Ba3 Ne4 25.
Rac1 Ke6 26. Nf4+ Kd7 27. Rfd1 f5 28. Nd5 Ke6 29. Nb6 Rxc1 30. Rxc1 f4 31. exf4 Rxf4 32. Rf1 Rxf1+ 33. Kxf1 Nc3 34. Bb2 Ne4 35. Bxg7 1-0

[Event "Early-Titled-Tuesday-Blitz-November-28-2023"]
[Site "Chess.com"]
[Date "2023.11.28"]
[Round "4"]
[White "Grandelicious"]
[Black "MokshAD1603"]
[Result "1-0"]
[WhiteElo "2904"]
[BlackElo "2656"]
[TimeControl "180+1"]
[EndTime "8:39:15 PST"]
[Termination "Grandelicious won by resignation"]

1. d4 Nf6 2. c4 e6 3. Nf3 d5 4. Nc3 Bb4 5. Bd2 O-O 6. e3 b6 7.
cxd5 exd5 8. Bd3 Bd6 9. O-O Re8 10. Qc2 c5 11. dxc5 bxc5 12. Rfd1 Nc6 13. Bb5 Bd7 14. Be1 Nb4 15. Qa4 Bxb5 16. Nxb5 Bf8 17. Bxb4 cxb4 18. Nbd4 Qb6 19. Rac1 Rec8 20. g3 h6 21. Kg2 Ne4 22.
Qb3 Rc5 23. Rxc5 Qxc5 24. Ne2 Qc4 25. Nf4 Rc8 26. Nd4 Nc5 27. Qxc4 dxc4 28. Nd5 Na4 29. b3 cxb3 30. axb3 Nc3 31. Rc1 Bc5 32. Nxc3 Bxd4 33.
Ne2 Rxc1 34. Nxc1 Bc5 35. Kf3 f5 36. Nd3 Bd6 37. e4 fxe4+ 38. Kxe4 Kf7 39. Kd5 Ke7 40. Kc4 a5 41. Kb5 Bc7 42. Nc5 Kd6 43. Nb7+ Kd5 44. Nxa5 Bd6 45. Nc6 Ke4 46. Nxb4 Kf3 47. Nd3 Ke2 48. Kc4 Kf3 49. b4 Kg2 50. h4 1-0

[Event "Early-Titled-Tuesday-Blitz-November-28-2023"]
[Site "Chess.com"]
[Date "2023.11.28"]
[Round "4"]
[White "LuisFSiles"]
[Black "tetrix83"]
[Result "0-1"]
[WhiteElo "2332"]
[BlackElo "2519"]
[TimeControl "180+1"]
[EndTime "8:39:15 PST"]
[Termination "tetrix83 won on time"]

1. e4 c5 2. Nf3 d6 3. d4 cxd4 4. Nxd4 Nf6 5. Nc3 a6 6. Bg5 Nbd7 7. Qe2 h6 8. Be3 e5 9. Nf5 g6 10. Ng3 Be7 11. O-O-O h5 12. Qd2 h4 13. Nge2 b5 14.
Kb1 Bb7 15. f3 b4 16. Nd5 Nxd5 17. exd5 a5 18. c4 bxc3 19. Nxc3 O-O 20. g3 Rc8 21.
gxh4 Bxh4 22. Rg1 Nc5 23. Bh3 Nd7 24. Ne4 Nf6 25. Bg5 Nxe4 26. fxe4 Bxg5 27. Rxg5 Rc4 28.
Rdg1 Rxe4 29. Bf5 Rd4 30. Bxg6 Rxd2 31. Bh7+ Kh8 32. Rh5 Rd1+ 0-1

[Event "Early-Titled-Tuesday-Blitz-November-28-2023"]
[Site "Chess.com"]
[Date "2023.11.28"]
[Round "4"]
[White "NovoselovRoman"]
[Black "Elsa167"]
[Result "0-1"]
[WhiteElo "2551"]
[BlackElo "2908"]
[TimeControl "180+1"]
[EndTime "8:39:17 PST"]
[Termination "Elsa167 won by checkmate"]

1. e4 e6 2. d4 d5 3. Nc3 Bb4 4.
exd5 exd5 5. Bd3 Nc6 6. Ne2 Nge7 7. Bf4 Bf5 8. O-O O-O 9. a3 Bxc3 10. bxc3 Qd7 11. c4 Bxd3 12. Qxd3 dxc4 13. Qxc4 Nd5 14.
Rfd1 Rfe8 15. Bg3 Na5 16. Qd3 b5 17. a4 a6 18. axb5 axb5 19. Nc3 Nc4 20. Qf3 Rxa1 21. Rxa1 Nxc3 22. Qxc3 c6 23. h3 h6 24. Qd3 Nb6 25.
Ra6 Nd5 26. Qa3 f6 27. Qc5 Re6 28. Ra7 Qe8 29. c4 bxc4 30. Qxc4 Kh7 31. Qd3+ Qg6 32. Qb3 h5 33. Ra8 Re1+ 34. Kh2 Qb1 35. Qxb1+ Rxb1 36.
Rc8 Rc1 37. Bd6 Rc2 38. Kg3 g5 39. h4 gxh4+ 40. Kxh4 Rxf2 41. Rxc6 Kg6 42. g3 Rh2# 0-1

[Event "Early-Titled-Tuesday-Blitz-November-28-2023"]
[Site "Chess.com"]
[Date "2023.11.28"]
[Round "4"]
[White "sergeikim"]
[Black "platy3"]
[Result "0-1"]
[WhiteElo "2596"]
[BlackElo "2881"]
[TimeControl "180+1"]
[EndTime "8:39:18 PST"]
[Termination "platy3 won by resignation"]

1. d4 Nf6 2. c4 d6 3. Nc3 g6 4. e4 Bg7 5. Nge2 O-O 6. Ng3 h5 7. Be2 e5 8. d5 a5 9. O-O Na6 10. h3 Nc5 11. Bg5 Bd7 12. Qd2 Qe8 13. f4 Nh7 14. f5 Nxg5 15. Qxg5 Kh7 16. f6 Bh6 17. Qh4 Rh8 18. Rf3 Qf8 19. Raf1 Bd2 20.
Nxh5 Qh6 21. Rg3 Rhg8 22. Rg4 Bxg4 23. Bxg4 gxh5 24. Bf5+ Kh8 25. Nd1 Bg5 26. Qf2 Nd3 27.
Qf3 Nf4 28. g3 Bxf6 29. Kh2 Ng6 30. Ne3 Ne7 31. Bd7 Rg6 32. g4 Bg5 33. Ng2 hxg4 34. Bxg4 Rf6 35. Qe2 Rxf1 36. Qxf1 Bf4+ 37. Kg1 Rg8 38.
Qf2 Rg5 39. c5 f5 40. exf5 Nxf5 41. cxd6 cxd6 42. Qb6 Nd4 43. Nxf4 Rxg4+ 44. hxg4 Qxf4 45. Qd8+ Kg7 46. Qe7+ Kg6 47. Qxd6+ Kg5 48. Qe7+ Kxg4 49. Qg7+ Kf3 50. Qg2+ Ke3 51. d6 Nf3+ 52. Kf1 Qc4+ 0-1

[Event "Early-Titled-Tuesday-Blitz-November-28-2023"]
[Site "Chess.com"]
[Date "2023.11.28"]
[Round "4"]
[White "maracayo"]
[Black "ahkashefi2800"]
[Result "0-1"]
[WhiteElo "2352"]
[BlackElo "2547"]
[TimeControl "180+1"]
[EndTime "8:39:18 PST"]
[Termination "ahkashefi2800 won on time"]

1. e4 c6 2. Nf3 d5 3. d3 dxe4 4. dxe4 Qxd1+ 5. Kxd1 Bg4 6. Bd3 Bxf3+ 7. gxf3 Nd7 8. Ke2 O-O-O 9. Be3 e5 10. Nd2 Bc5 11. Nc4 f6 12. a4 Ne7 13. c3 Kc7 14. b4 Bxe3 15. fxe3 g5 16. h4 h6 17. h5 Nb6 18. Nb2 Rd7 19. a5 Nbc8 20. Bc4 Rhd8 21. Nd3 a6 22. Ra2 Na7 23. Nc5 Nb5 24.
Bxb5 cxb5 25. Ne6+ Kc6 26. Nxd8+ Rxd8 27. Rd2 Rxd2+ 28. Kxd2 Nc8 29. Kd3 Nd6 30. f4 f5 31.
fxe5 fxe4+ 32. Kc2 Nc4 33. e6 Kd6 34. Rd1+ Kxe6 35.
Rd4 Nxe3+ 36. Kd2 Nc4+ 37. Ke2 Nd6 38. Rd1 Ke5 39. Rf1 Nf5 40. Rc1 Ng3+ 41. Ke3 Nxh5 42.
Rh1 Nf6 43. Ke2 h5 44. Rd1 Nd5 0-1

[Event "Early-Titled-Tuesday-Blitz-November-28-2023"]
[Site "Chess.com"]
[Date "2023.11.28"]
[Round "4"]
[White "Laico"]
[Black "GiorgianBarbosa"]
[Result "0-1"]
[WhiteElo "2333"]
[BlackElo "2519"]
[TimeControl "180+1"]
[EndTime "8:39:18 PST"]
[Termination "GiorgianBarbosa won on time"]

1. e4 c5 2. Nc3 g6 3. f4 Bg7 4. Nf3 e6 5. e5 d5 6. Nb5 Nh6 7. Nd6+ Kf8 8. c3 Nc6 9. Bb5 Nf5 10. Nxf5 exf5 11. Bxc6 bxc6 12. d3 Be6 13. Be3 c4 14.
dxc4 dxc4 15. Bc5+ Kg8 16. Bd6 h6 17. O-O Kh7 18. Qc2 Bd5 19. Rad1 Qb6+ 20. Kh1 Rhe8 21.
Nd4 Be4 22. Qf2 Rad8 23. Rd2 Rd7 24. Re1 Qd8 25. Re3 Bd5 26. Rh3 Kg8 27. Kg1 Qa5 28. a3 Qd8 29. Rg3 Rxd6 30. exd6 Qxd6 31. h3 Re4 32.
Ne2 Qe7 33. Kf1 Bf6 34. Rf3 Bh4 35. g3 Bf6 36. Kg1 Re6 37. Kf1 Bxf3 38. Qxf3 Re3 39.
Qf2 Qe4 40. Nd4 Bxd4 41. Rxd4 Qh1+ 0-1

[Event "Early-Titled-Tuesday-Blitz-November-28-2023"]
[Site "Chess.com"]
[Date "2023.11.28"]
[Round "4"]
[White "pirulillo"]
[Black "stasOR4ik"]
[Result "0-1"]
[WhiteElo "2303"]
[BlackElo "2512"]
[TimeControl "180+1"]
[EndTime "8:39:18 PST"]
[Termination "stasOR4ik won by checkmate"]

1. e4 c6 2. d4 d5 3. Nc3 dxe4 4. Nxe4 Nf6 5. Nxf6+ exf6 6. c3 Bd6 7. Bd3 O-O 8. Ne2 Na6 9. O-O Nc7 10. Qc2 h6 11. Bd2 Re8 12. Rae1 Nd5 13. a3 Qc7 14. h3 Bd7 15. Qc1 f5 16. c4 Nf6 17. c5 Bf8 18. Bf4 Qd8 19. Ng3 g5 20. Rxe8 Bxe8 21. Bxg5 hxg5 22.
Qxg5+ Kh8 23. Bxf5 Ng8 24. Qh5+ Nh6 25. Bb1 f5 26.
Qd1 Bg6 27. Ne2 Bg7 28. Nf4 Bf7 29. d5 cxd5 30. b4 Qc7 31. g3 Rg8 32. Kh1 Be5 33. Qh5 Bxf4 34. gxf4 Qxf4 35. Qe2 d4 36. Bd3 Bd5+ 37.
f3 Qg3 38. Qh2 Bxf3+ 39. Rxf3 Qxf3+ 40. Qg2 Qxg2# 0-1

[Event "Early-Titled-Tuesday-Blitz-November-28-2023"]
[Site "Chess.com"]
[Date "2023.11.28"]
[Round "4"]
[White "elohunter1999"]
[Black "AryanTari"]
[Result "0-1"]
[WhiteElo "2716"]
[BlackElo "2971"]
[TimeControl "180+1"]
[EndTime "8:39:19 PST"]
[Termination "AryanTari won by resignation"]

1. c4 e6 2. g3 d5 3. Bg2 dxc4 4. Qa4+ Bd7 5. Qxc4 Qc8 6. Nf3 c5 7. Ne5 Bc6 8. Nxc6 Nxc6 9. O-O Nf6 10. Nc3 Be7 11. b3 O-O 12. Bb2 Qd7 13. Rad1 Nd4 14. Ne4 Nxe4 15.
Bxe4 b5 16. Qd3 Rad8 17. Bxd4 Qxd4 18. Qxd4 Rxd4 19. d3 a5 20. Rc1 a4 21. bxa4 Rxa4 22. Rc2 Rb8 23. Rb1 b4 24. g4 Bd6 25. h4 h6 26. e3 Kf8 27. g5 hxg5 28. hxg5 Ke7 29. Kg2 Rb6 30. d4 cxd4 31. exd4 Rba6 32. Rbb2 R6a5 33.
g6 f5 34. Bc6 Ra3 35. Re2 Rc3 36. Bf3 Kf6 37. Rb3 Rxb3 38. axb3 Ra3 39. Re3 Bf4 40. Rd3 Kxg6 41. d5 e5 42. d6 e4 43. d7 exf3+ 44. Kxf3 Bc7 45. d8=Q Bxd8 46. Rxd8 Rxb3+ 47. Kf4 Rc3 48.
Rd6+ Kh5 49. f3 Rc5 50. Rb6 g5+ 51. Kg3 Rc4 52. Rb5 f4+ 53. Kg2 Rc2+ 54. Kh3 Rc3 55. Kg2 b3 56. Rb4 Kh4 57. Rb8 Rc2+ 58. Kf1 b2 0-1

[Event "Early-Titled-Tuesday-Blitz-November-28-2023"]
[Site "Chess.com"]
[Date "2023.11.28"]
[Round "4"]
[White "Gentlejimmy7"]
[Black "Sulthankan"]
[Result "1-0"]
[WhiteElo "2537"]
[BlackElo "2346"]
[TimeControl "180+1"]
[EndTime "8:39:19 PST"]
[Termination "Gentlejimmy7 won on time"]

1. c4 e5 2. g3 Nf6 3. Bg2 c6 4. Nf3 e4 5. Nd4 Qb6 6. Nb3 a5 7. d4 Bb4+ 8. Bd2 a4 9. Bxb4 Qxb4+ 10. N3d2 Qxb2 11. O-O Qxd4 12. Qc2 e3 13. fxe3 Qxe3+ 14. Kh1 O-O 15. Rxf6 gxf6 16. Nc3 d6 17. Nde4 f5 18. Nxd6 Qe5 19. Nxc8 Rxc8 20. Rf1 Na6 21. Rxf5 Nb4 22.
Qe4 Qxc3 23. Qe7 Rf8 24. Be4 Rae8 25. Qg5+ Kh8 26. Bf3 Qg7 27. Qd2 c5 28. Qd6 Re6 29. Qxc5 Nc6 30. Rg5 Qh6 31. Rh5 Re5 32. Rxe5 Nxe5 33.
Qxe5+ Qg7 34. Qd6 f6 35. Kg2 Re8 36. c5 Qe7 37. Qd4 Qe5 38. Qxa4 Rd8 39. Qc4 Rc8 40.
Qb3 Rxc5 41. Qxb7 Rc3 42. a4 1-0

[Event "Early-Titled-Tuesday-Blitz-November-28-2023"]
[Site "Chess.com"]
[Date "2023.11.28"]
[Round "4"]
[White "Elbebiber"]
[Black "Actuary44"]
[Result "0-1"]
[WhiteElo "2118"]
[BlackElo "2454"]
[TimeControl "180+1"]
[EndTime "8:39:19 PST"]
[Termination "Actuary44 won on time"]

1. d4 Nf6 2. Bg5 Ne4 3. Bf4 d5 4.
e3 c5 5. Nd2 cxd4 6. Nxe4 dxe4 7. Qxd4 Qxd4 8. exd4 Nc6 9. c3 Bf5 10. Bb5 e6 11. Ne2 Be7 12. Ng3 Bg6 13. O-O O-O 14.
Rfe1 f5 15. Rad1 Rfd8 16. Bc4 Bf7 17. Bc1 h5 18. Ne2 e5 19. Bxf7+ Kxf7 20. g3 exd4 21. Nxd4 Nxd4 22. Rxd4 Rxd4 23. cxd4 Rc8 24. Bd2 Rc2 25. Bc3 b5 26. d5 b4 27. Be5 Rd2 28. d6 Bxd6 29. Bxd6 Rxd6 30. Re2 Rd1+ 31. Kg2 Ra1 32. b3 Ke6 33. Rc2 Kd5 34. Kh3 g5 35. Kg2 Kd4 36. h3 Kd3 37. Rc4 Rxa2 38. Rxb4 e3 39. Rb8 Rxf2+ 40.
Kg1 Rb2 41. Rd8+ Kc3 42. Rc8+ Kxb3 43. Rf8 Rf2 44. Rd8 a5 45. Re8 Re2 46. Kf1 Rf2+ 47. Ke1 Rc2 48. Rxe3+ Rc3 49. Re5 a4 50. Rxf5 Rxg3 51.
h4 gxh4 52. Rxh5 h3 53. Kf2 Rc3 54. Rh8 a3 55. Kg1 a2 56. Rb8+ Kc2 57. Ra8 Kb2 58. Rb8+ Rb3 59. Ra8 a1=Q+ 0-1

[Event "Early-Titled-Tuesday-Blitz-November-28-2023"]
[Site "Chess.com"]
[Date "2023.11.28"]
[Round "4"]
[White "Ron_Weasley_Chess"]
[Black "Logman74"]
[Result "1-0"]
[WhiteElo "2405"]
[BlackElo "2585"]
[TimeControl "180+1"]
[EndTime "8:39:20 PST"]
[Termination "Ron_Weasley_Chess won on time"]

1. Nf3 Nf6 2. g3 g6 3. Bg2 Bg7 4. O-O O-O 5. c4 c6 6. Nc3 d5 7. b3 d4 8. Na4 Re8 9. e3 e5 10. exd4 exd4 11. Bb2 d3 12. Re1 Bf5 13. Rxe8+ Qxe8 14. Qe1 Nbd7 15. Qxe8+ Rxe8 16. Re1 Re2 17. Nc3 Rxe1+ 18.
Nxe1 Ne4 19. Nxe4 Bxb2 20. Nxd3 Ba3 21. Kf1 Kg7 22. Ke2 h5 23. b4 Nb6 24. Nd6 Bg4+ 25.
Bf3 Be6 26. c5 Nd5 27. Nxb7 Nxb4 28. Nxb4 Bxb4 29. Bxc6 Bxa2 30. Bb5 Bd5 31. c6 a5 32. Ba6 a4 33. c7 Bd6 34. Nxd6 Be6 35. Bc4 Bd7 36. c8=Q Bxc8 37. Nxc8 1-0

[Event "Early-Titled-Tuesday-Blitz-November-28-2023"]
[Site "Chess.com"]
[Date "2023.11.28"]
[Round "4"]
[White "The_Sherman_Variation"]
[Black "Chessdude1987"]
[Result "1-0"]
[WhiteElo "2519"]
[BlackElo "2332"]
[TimeControl "180+1"]
[EndTime "8:39:20 PST"]
[Termination "The_Sherman_Variation won on time"]

1. e4 e6 2. d4 d5 3. e5 c5 4. c3 Nc6 5. Nf3 Qb6 6. a3 f6 7. b4 fxe5 8. bxc5 Qc7 9. Bb5 exd4 10. Bxc6+ bxc6 11. cxd4 Ba6 12. Nc3 Nf6 13. Ne2 Ne4 14. O-O Be7 15. Re1 O-O 16. Ng3 Nxg3 17. hxg3 Bf6 18. Bf4 Qd7 19. Ne5 Bxe5 20. Bxe5 Bc4 21. Rb1 Rf7 22. Rb2 Raf8 23. Qg4 Bd3 24. Re3 Bf5 25.
Qe2 Bg6 26. Reb3 h6 27. Bd6 Re8 28. Qa6 e5 29. Bxe5 Qg4 30. Qe2 Qxe2 31. Rxe2 Kh7 32. Reb2 Rd7 33. Rb8 Rxb8 34. Rxb8 Re7 35. Rc8 Be8 36.
f3 Kg6 37. Kf2 h5 38. a4 Kf5 39. a5 Kg6 40. a6 Kf5 41. Rb8 Ke6 42. Rb7 Kf7 43. Bd6 1-0

[Event "Early-Titled-Tuesday-Blitz-November-28-2023"]
[Site "Chess.com"]
[Date "2023.11.28"]
[Round "4"]
[White "verrbaa"]
[Black "NowInChess"]
[Result "1-0"]
[WhiteElo "2471"]
[BlackElo "2173"]
[TimeControl "180+1"]
[EndTime "8:39:20 PST"]
[Termination "verrbaa won on time"]

1. e4 e6 2. d4 d5 3. Nc3 Nc6 4. Nf3 Nf6 5. e5 Ne4 6. Bd3 Bb4 7. O-O Nxc3 8. bxc3 Bxc3 9. Rb1 h6 10. Ba3 a5 11.
Bb5 Bd7 12. Qd3 Bb4 13. c4 Qe7 14. cxd5 exd5 15. Bb2 Qe6 16. a3 Be7 17. Rfe1 Nb8 18. Rbc1 c6 19. Ba4 Qf5 20. Qe2 Qh5 21. h3 Be6 22. Bc2 Nd7 23. Qd3 Nb6 24. Nd2 Nc4 25. Nxc4 dxc4 26. Qe3 Bg5 27. f4 Bh4 28. Rf1 Bd5 29.
Kh2 Be7 30. f5 Bg5 31. Qg3 Bxc1 32. Bxc1 O-O 33. f6 g6 34. Rf2 Be6 35. Bd1 Qf5 36. Rxf5 Bxf5 37. Bxh6 c3 38. Bxf8 1-0

[Event "Early-Titled-Tuesday-Blitz-November-28-2023"]
[Site "Chess.com"]
[Date "2023.11.28"]
[Round "4"]
[White "Me_ch_an"]
[Black "Zainullina_Nataliya"]
[Result "1-0"]
[WhiteElo "2342"]
[BlackElo "2110"]
[TimeControl "180+1"]
[EndTime "8:39:22 PST"]
[Termination "Me_ch_an won on time"]

1. e4 e5 2. Nf3 Nf6 3. Nxe5 d6 4. Nf3 Nxe4 5. Nc3 Nxc3 6. dxc3 Be7 7. Bd3 c6 8. Be3 Nd7 9. Qd2 Nf6 10. O-O-O h6 11.
h4 Be6 12. Ng5 hxg5 13. hxg5 Rxh1 14. Rxh1 Nd7 15. Rh8+ Nf8 16. f4 g6 17. Bd4 Qa5 18. a3 O-O-O 19. Qe2 Kb8 20. g4 Qd5 21. Bg7 Nd7 22. c4 Qc5 23. Rh1 Bf8 24. Bc3 d5 25. b4 Qd6 26. f5 gxf5 27. gxf5 Qf4+ 28. Bd2 Qd4 29. c3 Qe5 30. fxe6 Qxe2 31. Bxe2 fxe6 32. cxd5 exd5 33. Bf4+ Kc8 34. Bg4 Re8 35. Rh7 Rd8 36. g6 d4 37. g7 Bxg7 38. Rxg7 dxc3 39. Bg5 1-0

[Event "Early-Titled-Tuesday-Blitz-November-28-2023"]
[Site "Chess.com"]
[Date "2023.11.28"]
[Round "4"]
[White "Chessmissile07"]
[Black "Mouse-Sleep"]
[Result "1-0"]
[WhiteElo "2858"]
[BlackElo "2578"]
[TimeControl "180+1"]
[EndTime "8:39:23 PST"]
[Termination "Chessmissile07 won on time"]

1. a3 g6 2. g3 Bg7 3. c4 c5 4. Bg2 Nf6 5. Nc3 O-O 6. Nf3 d5 7. cxd5 Nxd5 8. O-O Nc6 9. Qc2 Nc7 10. d3 b6 11. Be3 Bb7 12. Rfd1 Ne6 13. Qd2 Re8 14. Rac1 Qd7 15. h4 Ned4 16. Bxd4 Nxd4 17. Nxd4 cxd4 18.
Ne4 Rac8 19. h5 Rxc1 20. Rxc1 Rc8 21. h6 Bxe4 22. Bxe4 Rxc1+ 23. Qxc1 Bf8 24. Kg2 e6 25. Qf4 Qb5 26. Qc1 a5 27. Bf3 Qc5 28. Qf4 Qd6 29.
Qg5 Qc5 30. Qd8 Qd6 31. Qa8 Qc7 32. Bc6 f6 33. Qe8 Qe7 34. Qc8 Qd6 35. Bd7 Kf7 36.
Qe8+ Kg8 37. Bxe6+ Kh8 38. Qf7 Qc6+ 39. f3 1-0